 Dungeon Crawl Stone Soup version 0.25-a0-949-gdd2af9e06e (webtiles) character file.

Game seed: 712488821145101893, levelgen mode: deterministic

700873 Esekla the Cloud Mage (level 27, 0/146 HPs)
             Began as a Vine Stalker Abyssal Knight on May 5, 2020.
             Was a High Priest of Lugonu.
             Killed by divine providence
             ... invoked by a balrug
              (5 damage)
             ... on level 3 of the Realm of Zot on May 8, 2020.
             The game lasted 20:52:14 (84681 turns).

Esekla the Cloud Mage (VSAK)                       Turns: 84681, Time: 20:52:15

Health: 0/146      AC: 27    Str: 25    XL:     27
Magic:  0/63       EV: 20    Int: 20    God:    Lugonu [*****.]
Gold:   7401       SH: 10    Dex: 21    Spells: 5/70 levels left

rFire    + + +     SeeInvis +   d - +8 long sword (distort)
rCold    . . .     Gourm    .   k - +3 buckler {reflect}
rNeg     . . .     Faith    .   q - +6 leather armour "Laefomou" {Str+2}
rPois    +         Spirit   +   l - +2 hat {SInv}
rElec    .         Reflect  +   T - +4 cloak of the Villain {*Drain rPois MR- Slay+5}
rCorr    .         Harm     .   n - +2 pair of gloves {Dex+3}
MR       ++...                  X - +2 pair of boots "Woinyero" {Dex+3}
Stlth    ++........             Y - amulet of magic regeneration
HPRegen  1.54/turn              u - ring "Emair" {MP+9 Int+4}
MPRegen  0.63/turn              r - ring of Mishreud {Wiz +Blink rF+++ Str+4 Stlth-}

@: about to teleport
A: fangs 3, iridescent scales 1, rugged brown scales 1, clumsy 1, dopey 1, high
mp 1, regeneration 3, screaming 1, magic shield, antimagic bite, no potion heal
3, rot immunity
}: 3/15 runes: decaying, serpentine, silver
a: Depart the Abyss, Bend Space, Banish, Corrupt, Enter the Abyss, Renounce
Religion, Evoke Blink


You were on level 3 of the Realm of Zot.
You worshipped Lugonu.
Lugonu was extremely pleased with you.
You were not hungry.

You visited 11 branches of the dungeon, and saw 51 of its levels.
You visited the Abyss 8 times.
You also visited: Bailey, Gauntlet, Ice Cave and Volcano.

You collected 8594 gold pieces.
You spent 1193 gold pieces at shops.

Inventory:

Hand Weapons
 d - a +8 long sword of distortion (weapon)
 e - a +9 falchion of electrocution
 f - a +9 scimitar of flaming
 h - the +10 zealot's sword {holy, *Rage rN+ EV+3}
   (You took it off a tengu reaver on level 2 of the Vaults)

   It has been blessed by the Shining One to cause great damage to the undead
   and demons.
   It affects your evasion (+3).
   It protects you from negative energy.
   It may make you go berserk in combat.
 v - a +2 vampiric long sword
 I - the +9 staff of Olgreb {rPois∞}
   (You took it off a deep elf annihilator on level 3 of the Depths)

   It grants immunity to poison.
 L - the +8 war axe of Spontaneous Combustion {venom, rElec Dex+3}
   (You found it on level 3 of the Swamp)

   It poisons the flesh of those it strikes.
   It affects your dexterity (+3).
   It insulates you from electricity.
Missiles
 p - 13 silver javelins
 E - 99 poisoned darts (quivered)
Armour
 k - a +3 buckler of reflection (worn)
 l - a +2 hat of see invisible (worn)
 n - a +2 pair of gloves of dexterity (worn)
 q - the +6 leather armour "Laefomou" (worn) {Str+2}
   (You took it off a deep elf mage on level 1 of the Elven Halls)

   It affects your strength (+2).
 S - the +2 ring mail of Xealek {rPois rN+ MP-9 Str+10}
   (You bought it in a shop on level 2 of the Orcish Mines)

   It affects your strength (+10).
   It protects you from poison.
   It protects you from negative energy.
   It affects your magic capacity (-9).
 T - the +4 cloak of the Villain (worn) {*Drain rPois MR- Slay+5}
   (You found it in a Gauntlet)

   It affects your accuracy and damage with ranged weapons and melee attacks
   (+5).
   It protects you from poison.
   It affects your resistance to hostile enchantments.
   It causes draining when unequipped.
 V - the +15 Maxwell's patent armour {-Cast -Tele rElec MR+ rCorr}
   (You found it on level 3 of the Elven Halls)

   It insulates you from electricity.
   It affects your resistance to hostile enchantments.
   It prevents spellcasting.
   It prevents most forms of teleportation.
   It provides partial protection from all sources of acid and corrosion.
 X - the +2 pair of boots "Woinyero" (worn) {Dex+3}
   (You acquired it on level 2 of the Vaults)

   It affects your dexterity (+3).
Jewellery
 o - the ring "Baujag" {rN+ MR+ Str+2 Stlth-}
   (You found it on level 3 of the Crypt)

   [ring of positive energy]

   It affects your strength (+2).
   It protects you from negative energy.
   It affects your resistance to hostile enchantments.
   It makes you less stealthy.
 r - the ring of Mishreud (right hand) {Wiz +Blink rF+++ Str+4 Stlth-}
   (You acquired it on level 12 of the Dungeon)

   [ring of wizardry]

   It improves your spell success rate.
   It affects your strength (+4).
   It renders you almost immune to fire.
   It lets you blink.
   It makes you less stealthy.
 s - a +5 ring of protection
 u - the ring "Emair" (left hand) {MP+9 Int+4}
   (You found it on level 4 of the Lair of Beasts)

   [ring of magical power]

   It affects your intelligence (+4).
   It affects your magic capacity (+9).
 y - a +6 ring of protection
 z - the ring of Gauptex {Fire rElec rPois MR+ Int-5}
   (You took it off an ancient champion on level 3 of the Crypt)

   [ring of fire]

   It enhances your fire magic.
   It affects your intelligence (-5).
   It protects you from fire.
   It makes you vulnerable to cold.
   It insulates you from electricity.
   It protects you from poison.
   It affects your resistance to hostile enchantments.
 A - a +4 ring of evasion
 Y - an amulet of magic regeneration (around neck)
Wands
 g - a wand of iceblast (46)
 H - a wand of acid (13)
 M - a wand of flame (98)
 O - a wand of paralysis (42)
 P - a wand of scattershot (9)
 Z - a wand of digging (4)
Scrolls
 b - 8 scrolls of fear
 i - 23 scrolls of teleportation
 C - a scroll of holy word
 F - 31 scrolls of identify
 G - 2 scrolls of magic mapping
 K - 5 scrolls of fog
 N - 3 scrolls of silence
 R - 38 scrolls of remove curse
Potions
 m - a potion of resistance
 t - 8 potions of flight
 w - 2 potions of berserk rage
 x - 10 potions of haste
 D - 18 potions of curing
 J - 3 potions of cancellation
 U - 5 potions of lignification
 W - 10 potions of might
Miscellaneous
 B - 4 tins of tremorstones
 Q - a lightning rod (4/4)
Comestibles
 c - 77 rations


   Skills:
 + Level 14.2 Fighting
   Level 1.8(11.8) Short Blades
 + Level 17.3 Long Blades
 - Level 2.6(3.5) Axes
   Level 3.3(3.8) Polearms
 - Level 3.2 Throwing
 + Level 9.4 Armour
 + Level 10.0 Dodging
 + Level 6.4 Stealth
 + Level 10.3 Shields
 + Level 22.0 Spellcasting
 + Level 14.1 Conjurations
 + Level 10.8 Hexes
 + Level 1.0 Charms
 - Level 7.0 Summonings
 + Level 3.2 Translocations
 + Level 8.4 Transmutations
 + Level 9.2 Fire Magic
 + Level 11.0 Ice Magic
 + Level 24.1 Air Magic
 * Level 4.1 Earth Magic
 + Level 8.4 Poison Magic
 + Level 10.1 Invocations
 * Level 4.8 Evocations


You had 5 spell levels left.
You knew the following spells:

 Your Spells              Type           Power        Failure   Level  Hunger
a - Apportation           Tloc           #####.       1%          1    None
b - Conjure Ball Lightni  Conj/Air       #######...   1%          6    ###....
c - Mephitic Cloud        Conj/Pois/Air  ######..     0%          3    None
d - Irradiate             Conj/Tmut      ######....   1%          5    None
f - Conjure Flame         Conj/Fire      ######..     1%          3    None
g - Bolt of Magma         Conj/Fire/Erth ######....   1%          5    None
i - Invisibility          Hex            ######..     1%          6    ###....
r - Fireball              Conj/Fire      ######....   1%          5    None
s - Summon Lightning Spi  Summ/Air       ######..     1%          4    None
t - Tornado               Air            #######...   4%          9    #######
v - Poisonous Vapours     Pois/Air       ######       0%          2    None
w - Swiftness             Chrm/Air       ######..     0%          2    None
x - Olgreb's Toxic Radia  Pois           ######..     1%          4    None
y - Sticky Flame          Conj/Fire      ######..     1%          4    None
z - Freezing Cloud        Conj/Ice/Air   ######....   1%          6    ###....

Your spell library contained the following spells:

 Spells                   Type           Power        Failure   Level  Hunger
 Foxfire                  Conj/Fire      ####         0%          1    None
 Freeze                   Ice            ####         0%          1    None
 Shock                    Conj/Air       ####         0%          1    None
 Static Discharge         Conj/Air       #######.     0%          3    None
 Animate Skeleton         Necr           N/A          1%          1    None
 Beastly Appendage        Tmut           ######       1%          1    None
 Corona                   Hex            ######.      1%          1    None
 Sandblast                Erth           #####.       1%          1    None
 Sting                    Tmut/Pois      ####         1%          1    None
 Summon Small Mammal      Summ           ####         1%          1    None
 Call Imp                 Summ           ######..     1%          2    None
 Ensorcelled Hibernation  Hex/Ice        ######       1%          2    None
 Passwall                 Tmut/Erth      #####...     1%          2    None
 Shroud of Golubria       Chrm/Tloc      ####..       1%          2    None
 Slow                     Hex            ######..     1%          2    None
 Sticks to Snakes         Tmut           ######..     1%          2    None
 Sublimation of Blood     Necr           ###.......   1%          2    None
 Call Canine Familiar     Summ           ######..     1%          3    None
 Confusing Touch          Hex            ######..     1%          3    None
 Gell's Gravitas          Tloc           #####.....   1%          3    None
 Ignite Poison            Fire/Tmut/Pois ######..     1%          3    None
 Inner Flame              Hex/Fire       ######..     1%          3    None
 Portal Projectile        Hex/Tloc       ######       1%          3    None
 Spectral Weapon          Hex/Chrm       #####...     1%          3    None
 Spider Form              Tmut/Pois      ######....   1%          3    None
 Stone Arrow              Conj/Erth      ######       1%          3    None
 Summon Guardian Golem    Hex/Summ       ######..     1%          3    None
 Cause Fear               Hex            ######....   1%          4    None
 Hailstorm                Conj/Ice       ######..     1%          4    None
 Ice Form                 Ice/Tmut       ######..     1%          4    None
 Leda's Liquefaction      Hex/Erth       ######....   1%          4    None
 Petrify                  Tmut/Erth      #####...     1%          4    None
 Summon Ice Beast         Ice/Summ       ######..     1%          4    None
 Alistair's Intoxication  Tmut/Pois      ######..     1%          5    None
 Blade Hands              Tmut           ######....   1%          5    None
 Iskenderun's Battlesphe  Conj/Chrm      ######..     1%          5    None
 Metabolic Englaciation   Hex/Ice        ######....   1%          5    None
 Silence                  Hex/Air        #######...   1%          5    None
 Yara's Violent Unravell  Hex/Tmut       ######....   1%          5    None
 Passage of Golubria      Tloc           N/A          2%          4    None
 Lee's Rapid Deconstruct  Erth           #####.....   4%          5    None
 Darkness                 Hex            ######....   1%          6    ###....
 Orb of Destruction       Conj           ######....   2%          7    #####..
 Iron Shot                Conj/Erth      ######....   3%          6    ###....
 Eringya's Noxious Bog    Tmut/Pois      ######....   4%          6    ###....
 Hydra Form               Tmut           ######....   4%          6    ###....
 Shadow Creatures         Summ           N/A          8%          6    ###....
 Statue Form              Tmut/Erth      #####....    11%         6    ###....
 Spellforged Servitor     Conj/Summ      ######....   11%         7    #####..
 Dragon Form              Tmut           ######....   24%         7    #####..
 Monstrous Menagerie      Summ           ######....   38%         7    #####..
 Summon Greater Demon     Summ           ######....   38%         7    #####..
 Ring of Flames           Chrm/Fire      #####.....   63%         7    #####..
 Malign Gateway           Summ/Tloc      #####.....   65%         7    #####..
 Summon Horrible Things   Summ           ######....   96%         8    ######.
 Shatter                  Erth           #####.....   100%        9    #######


Dungeon Overview and Level Annotations

Branches:
Dungeon (15/15)            Temple (1/1) D:5            Lair (6/6) D:11
  Swamp (4/4) Lair:4        Snake (4/4) Lair:4        Slime (0/5) Lair:5
    Orc (2/2) D:10            Elf (3/3) Orc:2        Vaults (5/5) D:13
  Crypt (3/3) Vaults:3       Tomb (0/3) Crypt:3      Depths (5/5) D:15
    Zot (3/5) Depths:5     Bailey (visited)           IceCv (visited)
Volcano (visited)         Gauntlet (visited)

Altars:
Ashenzari
Cheibriados
Dithmenos
Fedhas
Gozag
Kikubaaqudgha
Makhleb
Qazlal
Trog
Uskayaw
Xom
Yredelemnul
The Shining One
Beogh

Shops:
Orc:2 ((****%   Elf:3 [   Vaults:1 %   Vaults:3 }   Vaults:5 ![   Depths:4 *

Portals:
Hell: Depths:1 Depths:2 Depths:3 Depths:4 Depths:5
Abyss: Depths:2 Depths:4 Depths:5
Pandemonium: Depths:3 Depths:5
Ziggurat: Depths:1


Innate Abilities, Weirdness & Mutations

You have razor-sharp teeth.
You regenerate.
When hurt, damage is shared between your health and your magic reserves.
Your bite disrupts and absorbs the magic of your enemies.
Potions cannot restore your health.
You are immune to rotting.
You are partially covered in iridescent scales. (AC +2)
You are partially covered in rugged brown scales. (AC +1, +3% HP)
You are clumsy. (Dex -2)
You are dopey. (Int -2)
You have an increased reservoir of magic. (+10% MP)
You occasionally shout uncontrollably at your foes.


Message History

The white ugly thing looks frightened!
The balrug is unaffected.
The harpy zombie is unaffected.
The moth of wrath looks frightened!
A death cob comes into view.
You hear a bark!
Okay, then.
Okay, then.
Your blink will be uncontrolled - continue anyway?
The Orb prevents control of your translocation!
You blink.
As you read the scroll of blinking, it crumbles to dust.
Cornered, the guardian serpent turns to fight!
Cornered, the moth of wrath turns to fight!
The orb spider bites you but does no damage.
The guardian serpent casts a spell.
The golden dragon blinks!
The balrug blinks!
The moth of wrath barely misses you. Space bends sharply around you!
You blink.
The balrug gestures at you. Something smites you!
You die...

.... #....# #....# ..
##...#######S######
##...###...........## ###
#...###.......u.....#
#+###########'''#................
..z2uZy§)S§.sy2..†...............
#'###########§D.@................
### ####.................
####.b........§....
##...........^.# #...###.###...#
#..## +# . #..# ##


You could see a golden dragon (berserk), a balrug, a moth of wrath, a guardian
serpent and an orb spider.

Vanquished Creatures
  An ancient lich (Crypt:3)
  Khufu (Crypt:2)
  Mara (Snake:4)
  4 juggernauts
  3 greater mummies (Crypt:2)
  Sojobo (Depths:2)
  the Lernaean hydra (Swamp:4)
  Margery (Crypt:2)
  Frederick (Crypt:2)
  3 caustic shrikes
  4 golden dragons
  3 bone dragons
  7 titans
  Rupert (Orc:1)
  Jorgrun (Swamp:1)
  2 hellephants
  15 tentacled monstrosities
  13 liches
  3 quicksilver dragons
  3 deep elf blademasters (Elf:3)
  2 deep elf master archers (Elf:3)
  7 sphinxes
  6 death cobs
  6 acid blobs (Zot:1)
  An Executioner (Abyss:5)
  18 tentacled starspawn
  Gastronok (Lair:2)
  4 ancient champions (Crypt:3)
  14 storm dragons
  9 tengu reavers
  A thorn hunter (Swamp:4)
  A daeva (Abyss:5)
  8 shadow dragons
  6 draconian monks
  The ghost of Zorot the Thaumaturge, an adept OpVM of Vehumet (Swamp:3)
  Roxanne (Snake:1)
  6 nagarajas
  6 draconian scorchers
  3 draconian knights
  A revenant (Crypt:3)
  8 deep elf sorcerers
  16 frost giants
  8 fire giants
  A balrug (Zot:3)
  8 deep elf elementalists
  3 iron dragons
  4 ghouls
  22 vault wardens
  Louise (Swamp:1)
  2 cacodemons
  2 orc warlords (Depths:3)
  5 draconian stormcallers
  A draconian shifter (Zot:1)
  33 very ugly things
  The ghost of Oseuty Gilid the Grappler, a journeyman TrMo (Lair:4)
  3 spriggan defenders
  The ghost of Ozilapy the Grappler, a journeyman TrTm of Cheibriados (D:14)
  5 vampire knights
  3 draconian annihilators
  11 ironheart preservers
  19 stone giants
  2 war gargoyles
  2 lorocyprocas (Abyss:1)
  7 green draconians
  7 deep elf demonologists
  6 spark wasps
  8 purple draconians
  7 dire elephants
  A minotaur (Gauntlet)
  9 black draconians
  A yellow draconian (shapeshifter) (Zot:3)
  13 yellow draconians
  5 red draconians
  The ghost of ra1n577 the Severer, a journeyman MiFi of Trog (Lair:2)
  9 white draconians
  13 deep elf annihilators
  A death ooze (Gauntlet)
  22 ettins
  2 crystal guardians
  17 deep elf death magi
  5 eidola
  A green death (Abyss:5)
  4 blizzard demons
  12 fire dragons
  A merfolk javelineer (Depths:1)
  10 deep elf high priests
  9 great orbs of eyes
  8 jiangshi
  A merfolk impaler (Depths:3)
  Fannar (D:10)
  22 naga warriors
  Harold (D:8)
  8 rakshasas
  20 yaktaur captains
  37 vault guards
  15 ice dragons
  26 hydras
  A shambling mangrove (Swamp:1)
  14 ogre magi
  Erica (Orc:1)
  2 ghost crabs
  7 spriggan air magi
  41 two-headed ogres
  13 centaur warriors
  A catoblepas (Vaults:2)
  12 anacondas
  3 death knights
  2 death scarabs (Gauntlet)
  20 alligators
  A titan zombie (Crypt:3)
  2 hell hogs
  A two-headed ogre (shapeshifter) (Depths:3)
  16 death yaks
  7 tengu warriors
  6 deep troll shamans
  5 vampire magi
  19 dancing weapons
  4 deep troll earth magi
  16 thrashing horrors
  4 orc high priests
  6 shock serpents
  12 naga sharpshooters
  A sun demon (Abyss:1)
  6 spriggan berserkers
  23 deep elf knights
  28 hell knights
  11 wretched stars
  A storm dragon zombie (Vaults:3)
  A fire crab (Gauntlet)
  2 soul eaters (Crypt:1)
  4 sixfirhies
  An iron troll (Depths:5)
  3 salamander mystics
  49 skeletal warriors
  6 shadow wraiths
  2 sea snakes (Snake:2)
  5 spatial maelstroms (Abyss:5)
  2 storm dragon skeletons
  A spriggan druid (Swamp:2)
  A deep troll (shapeshifter) (Vaults:5)
  3 unseen horrors
  11 swamp dragons
  6 glowing orange brains
  7 flayed ghosts
  15 deep trolls
  A shadow demon (Abyss:5)
  28 starcursed masses
  A tengu zombie (Depths:2)
  9 phantasmal warriors
  15 naga ritualists
  An unseen horror (shapeshifter) (Depths:3)
  A spectral hydra (Gauntlet)
  5 wizards
  A golden dragon skeleton (Crypt:1)
  9 deep elf archers
  A lindwurm (shapeshifter) (Depths:3)
  12 ironbrand convokers
  10 harpies
  3 golden dragon zombies
  18 necromancers
  An orb spider (Abyss:5)
  16 mana vipers
  A shadow dragon skeleton (Crypt:3)
  17 orc knights
  2 wolf spider zombies
  6 orc sorcerers
  A sphinx zombie (Depths:2)
  6 wolf spiders
  3 anaconda skeletons
  The ghost of wullow the Magician, a novice DsVM (D:6)
  2 manticores
  12 salamanders
  6 cyclopes
  A frost giant zombie (Crypt:3)
  90 ugly things
  2 oklob plants
  80 deep elf magi
  11 moths of wrath
  12 elephants
  2 iron dragon skeletons (Crypt:3)
  A black mamba (shapeshifter) (Vaults:3)
  47 black mambas
  A shock serpent zombie (Abyss:5)
  2 worldbinders (Abyss:5)
  An eye of devastation (shapeshifter) (Vaults:1)
  3 guardian serpents
  2 stone giant skeletons (Crypt:3)
  A sphinx skeleton (Crypt:1)
  3 frost giant skeletons
  A rust devil (Depths:4)
  A titan simulacrum (Depths:4)
  An apocalypse crab (Abyss:5)
  2 ice statues (IceCv)
  11 vault sentinels
  11 smoke demons
  19 spiny frogs
  A gargoyle (D:11)
  27 naga magi
  2 rime drakes (shapeshifter)
  5 orange demons
  A dire elephant skeleton (Abyss:5)
  2 spiny frogs (shapeshifter)
  A minotaur zombie (Gauntlet)
  7 komodo dragons
  5 rime drakes
  51 yaktaurs
  16 freezing wraiths
  A kobold demonologist (D:13)
  2 demonic crawlers
  8 ice devils (IceCv)
  A redback zombie (D:13)
  9 guardian mummies
  2 efreet
  A hellwing (Depths:5)
  10 ancient zymes
  2 queen bees
  A komodo dragon (shapeshifter) (D:11)
  A grey draconian skeleton (Crypt:1)
  A catoblepas skeleton (Crypt:3)
  A queen bee (shapeshifter) (Vaults:4)
  3 tengu conjurers
  8 trolls
  2 wind drakes (shapeshifter)
  A hornet (shapeshifter) (D:11)
  A polar bear (shapeshifter) (D:14)
  14 hornets
  Grinder (D:5)
  3 human skeletons
  8 meliai
  2 hydra skeletons
  13 tyrant leeches
  A harpy skeleton (Crypt:3)
  24 blink frogs
  An alligator zombie (Crypt:1)
  19 raiju
  11 slime creatures
  19 small abominations
  2 ettin zombies
  A fire giant simulacrum (Depths:1)
  19 bog bodies
  A death drake skeleton (Crypt:2)
  5 dream sheep (Lair:6)
  4 stone giant simulacra
  4 hippogriffs
  2 raiju (shapeshifter)
  2 ice dragon skeletons
  6 shadows
  A spectral black mamba (Gauntlet)
  6 air elementals
  An elf skeleton (Depths:4)
  18 flying skulls
  14 water elementals
  An alligator skeleton (Crypt:3)
  4 ynoxinuls
  A redback (shapeshifter) (Vaults:5)
  A spriggan skeleton (Depths:2)
  A tarantella (shapeshifter) (Depths:2)
  A fire dragon skeleton (Crypt:3)
  4 basilisks
  An ettin skeleton (Crypt:3)
  11 wraiths
  2 vampires (D:15)
  6 spriggans
  A fire elemental (Elf:2)
  A nameless horror (Snake:4)
  37 yaks
  A black mamba skeleton (Crypt:2)
  Eustachio (D:5)
  A tyrant leech zombie (Crypt:2)
  3 fire bats
  A spectral komodo dragon (Gauntlet)
  3 wyverns
  12 neqoxecs
  7 hungry ghosts
  Menkaure (D:6)
  A redback simulacrum (D:15)
  9 spatial vortices (Abyss:5)
  A merfolk zombie (Crypt:3)
  Edmund (D:6)
  9 chaos spawn
  30 large abominations
  A soldier ant (D:13)
  24 insubstantial wisps
  8 vampire mosquitoes
  An infernal demonspawn zombie (Crypt:1)
  46 nagas
  13 wargs
  19 swamp worms
  20 water moccasins
  3 acid dragons
  2 spiny frog zombies
  Duvessa (D:5)
  A merfolk skeleton (Crypt:3)
  5 porcupines
  2 hell hounds (Volcano)
  41 orc warriors
  9 sky beasts
  4 human zombies
  15 swamp drakes
  6 phantoms
  4 ice beasts
  A spiny frog skeleton (Crypt:3)
  3 eyes of draining
  An ogre (shapeshifter) (Depths:1)
  39 ogres
  4 necrophages
  11 boggarts
  2 black mamba simulacra (Lair:2)
  4 wolves
  2 swamp dragon skeletons
  A dream sheep skeleton (Crypt:3)
  A manticore skeleton (Crypt:3)
  27 centaurs
  A snapping turtle skeleton (Crypt:3)
  A hog skeleton (Crypt:1)
  6 crocodiles
  An elf zombie (Crypt:2)
  10 big kobolds
  16 bullfrogs
  A draconian skeleton (Crypt:3)
  A yaktaur skeleton (Crypt:2)
  2 gnoll sergeants
  2 earth elementals
  Dowan (D:5)
  A polar bear zombie (Crypt:3)
  2 wyvern skeletons
  6 scorpions
  56 killer bees
  A shapeshifter zombie (Crypt:1)
  A troll zombie (D:10)
  18 wights
  A vampire bat (Lair:1)
  4 electric eels
  7 howler monkeys
  A troll skeleton (Crypt:2)
  2 centaur zombies
  8 crimson imps
  2 bullfrog zombies
  2 draconian simulacra (IceCv)
  A hippogriff simulacrum (Lair:2)
  5 quasits
  27 jellies
  2 bullfrog skeletons
  25 orc priests
  A water moccasin simulacrum (Lair:2)
  6 centaur skeletons
  5 hounds
  2 iron imps
  32 orc wizards
  Crazy Yiuf (D:6)
  Terence (D:2)
  3 iguanas
  3 troll simulacra (IceCv)
  A yak simulacrum (Lair:2)
  4 lightning spires (Depths:1)
  A spriggan simulacrum (IceCv)
  6 worker ants
  A worker ant (shapeshifter) (Depths:4)
  7 ogre zombies (D:10)
  A tengu skeleton (Crypt:3)
  2 porcupine simulacra (Lair:2)
  A hound skeleton (Crypt:2)
  15 mummies
  2 howler monkey zombies
  28 gnolls
  A howler monkey skeleton (D:12)
  A scorpion zombie (Crypt:3)
  15 adders
  4 naga simulacra (IceCv)
  A river rat (shapeshifter) (Depths:4)
  A river rat (Lair:5)
  A steam dragon zombie (Crypt:3)
  5 shadow imps
  3 white imps
  3 ufetubi
  5 oozes (D:7)
  2 halfling zombies
  An iguana skeleton (Crypt:2)
  An iguana zombie (Crypt:1)
  A lava snake skeleton (Crypt:2)
  An adder skeleton (D:9)
  An adder zombie (D:5)
  4 worms
  6 dart slugs
  4 leopard geckos
  92 orcs
  7 giant cockroaches
  15 goblins
  6 hobgoblins
  11 jackals
  8 quokkas
  4 ball pythons
  19 bats
  3 frilled lizards
  6 goblin zombies (D:10)
  3 hobgoblin skeletons (D:10)
  A jackal skeleton (D:5)
  39 kobolds
  A leopard gecko skeleton (Crypt:3)
  2 leopard gecko zombies
  2 orc skeletons
  16 orc zombies
  A quokka zombie (D:3)
  6 rats
  3 bushes (Lair:2)
  5 crawling corpses
  2 lurking horrors
  4 plants
  6 starspawn tentacles
3050 creatures vanquished.

Vanquished Creatures (collateral kills)
  A golden dragon (Zot:2)
  A deep elf master archer (Elf:3)
  A quicksilver dragon (Zot:2)
  A deep elf blademaster (Elf:3)
  3 acid blobs (Zot:1)
  A death cob (Zot:1)
  An ancient champion (Crypt:3)
  A shadow dragon (Zot:3)
  2 draconian monks
  A balrug (Abyss:5)
  A deep elf sorcerer (Elf:3)
  A vault warden (Vaults:5)
  A ghoul (Crypt:1)
  An ironheart preserver (Vaults:2)
  2 very ugly things
  2 draconian annihilators
  5 yellow draconians
  A purple draconian (Zot:2)
  An ettin (Vaults:2)
  A deep elf high priest (Elf:3)
  4 vault guards
  2 two-headed ogres
  A glowing orange brain (Vaults:3)
  3 ironbrand convokers
  A skeletal warrior (Vaults:3)
  A starcursed mass (Abyss:5)
  A shining eye (shapeshifter) (Depths:3)
  2 ugly things
  A cyclops (Vaults:1)
  A worldbinder (Abyss:5)
  A vault sentinel (Vaults:2)
  A smoke demon (Abyss:5)
  A black mamba (Snake:4)
  2 guardian serpents (Zot:3)
  6 yaktaurs
  A queen bee (D:14)
  A hornet (Depths:3)
  A spriggan (Depths:3)
  2 wraiths
  A small abomination (Abyss:5)
  2 orc warriors
  A boggart (Vaults:1)
  2 ogres
  A centaur (Depths:1)
  5 jellies (Zot:1)
  An orc (Vaults:5)
  3 crawling corpses
  2 starspawn tentacles (Abyss:5)
80 creatures vanquished.

Vanquished Creatures (others)
  A golden dragon (Zot:1)
  A bone dragon (Abyss:1)
  A tentacled starspawn (Abyss:5)
  A storm dragon (Zot:3)
  A stone giant (Depths:5)
  A purple draconian (Zot:2)
  An ogre mage (Depths:1)
  A shock serpent (Lair:4)
  A hell knight (Abyss:1)
  11 ball lightnings
  An ice devil (Abyss:2)
  A hornet (Swamp:4)
  A raiju (Abyss:5)
  A fire bat (Abyss:5)
  2 neqoxecs (Gauntlet)
  A golden eye (Abyss:5)
  An insubstantial wisp (Depths:1)
  A naga (Snake:4)
  3 electric eels (Depths:1)
  2 small abominations
  A human simulacrum (Abyss:5)
  An orc (Orc:2)
  14 fungi
  3 lurking horrors (Abyss:5)
  34 plants
  58 starspawn tentacles
  12 toadstools (D:7)
157 creatures vanquished.

Grand Total: 3287 creatures vanquished

Notes
Turn   | Place    | Note
-------+----------+-------------------------------------------
     0 | Abyss:1  | Esekla the Vine Stalker Abyssal Knight began the quest for
                  | the Orb.
     0 | Abyss:1  | Reached XP level 1. HP: 11/11 MP: 3/3
   101 | Abyss:3  | Found a corrupted altar of Lugonu.
   110 | Abyss:3  | Found a corrupted altar of Lugonu.
   173 | Abyss:3  | Noticed a smoke demon
   176 | Abyss:3  | Found a corrupted altar of Lugonu.
   288 | Abyss:3  | Noticed a daeva
   296 | D:1      | Escaped the Abyss
   320 | D:1      | Reached * piety under Lugonu
   483 | D:1      | Reached XP level 2. HP: 16/16 MP: 4/4
   612 | D:1      | Reached skill level 1 in Stealth
   798 | D:2      | Reached XP level 3. HP: 20/20 MP: 5/5
   800 | D:2      | Reached skill level 1 in Dodging
  1068 | D:2      | Reached skill level 1 in Spellcasting
  1114 | D:2      | Reached ** piety under Lugonu
  1154 | D:2      | Gained mutation: Your natural rate of healing is unusually
                  | fast. [Vine Stalker growth]
  1154 | D:2      | Reached XP level 4. HP: 21/24 MP: 5/7
  1166 | D:2      | Found an opulent altar of Gozag.
  1166 | D:2      | Found a burning altar of Makhleb.
  1172 | D:2      | Found a glowing golden altar of the Shining One.
  1174 | D:2      | Found a faded altar of an unknown god.
  1176 | D:2      | Found a shadowy altar of Dithmenos.
  1597 | D:2      | Reached XP level 5. HP: 22/28 MP: 9/9
  1903 | D:3      | Noticed Terence
  1952 | D:2      | Killed Terence
  2343 | D:3      | Reached XP level 6. HP: 15/32 MP: 3/10
  2407 | D:3      | Reached *** piety under Lugonu
  2560 | D:4      | Reached skill level 5 in Long Blades
  2560 | D:4      | Reached XP level 7. HP: 16/36 MP: 6/12
  2643 | D:4      | Found a snail-covered altar of Cheibriados.
  2712 | D:4      | You fall into a shaft and drop 1 floor!
  2712 | D:5      | Entered Level 5 of the Dungeon
  2829 | D:4      | Noticed a fire elemental
  2831 | D:4      | Found a stormy altar of Qazlal.
  2832 | D:4      | Noticed an air elemental
  2832 | D:4      | Noticed a water elemental
  2992 | D:4      | Got a heavily runed cloak
  2998 | D:4      | Identified the +1 cloak "Nimotalo" {rN+++ Str-5 Dex+8} (You
                  | found it on level 4 of the Dungeon)
  3439 | D:5      | Noticed Duvessa
  3439 | D:5      | Noticed Dowan
  3440 | D:5      | Noticed Eustachio
  3505 | D:5      | Killed Duvessa
  3574 | D:5      | Killed Dowan
  3662 | D:5      | Killed Eustachio
  3662 | D:5      | Gained mutation: You have razor-sharp teeth. [Vine Stalker
                  | growth]
  3662 | D:5      | Reached XP level 8. HP: 20/42 MP: 10/14
  3746 | D:5      | Found a staircase to the Ecumenical Temple.
  3802 | Temple   | Entered the Ecumenical Temple
  3950 | D:5      | Noticed Grinder
  3961 | D:5      | Killed Grinder
  4014 | D:5      | Reached skill level 1 in Throwing
  4029 | D:5      | Reached **** piety under Lugonu
  4215 | D:6      | Reached XP level 9. HP: 46/46 MP: 16/16
  4784 | D:6      | Found a shattered altar of Ashenzari.
  4798 | D:6      | Found a runed translucent gate.
  4798 | D:6      | Found a runed translucent gate.
  4798 | D:6      | Found a runed translucent gate.
  4804 | D:6      | Noticed wullow's ghost (novice DsVM)
  4837 | D:6      | Noticed Edmund
  4840 | D:6      | Noticed Menkaure
  4872 | D:6      | Killed Edmund
  4915 | D:6      | Killed Menkaure
  5072 | D:6      | Found a runed translucent door.
  5073 | D:6      | Noticed Crazy Yiuf
  5080 | D:6      | Killed Crazy Yiuf
  5184 | D:6      | Reached skill level 5 in Spellcasting
  5378 | D:7      | Reached ***** piety under Lugonu
  5399 | D:7      | Found a shattered altar of Ashenzari.
  5599 | D:7      | Reached XP level 10. HP: 22/51 MP: 18/18
  5615 | D:7      | Reached skill level 5 in Fighting
  6271 | D:7      | Reached skill level 5 in Invocations
  6997 | D:8      | Noticed Harold
  7051 | D:9      | You fall into a shaft and drop 1 floor!
  7051 | D:10     | Entered Level 10 of the Dungeon
  7157 | D:9      | Reached skill level 10 in Long Blades
  7334 | D:9      | Got a bloodstained spear
  7355 | D:9      | Identified the +7 spear "Inivyshri" {freeze, SInv} (You
                  | found it on level 9 of the Dungeon)
  7625 | D:9      | Noticed an unseen horror
  7637 | D:9      | Killed an unseen horror
  7637 | D:9      | Reached skill level 1 in Polearms
  7637 | D:9      | Reached skill level 5 in Stealth
  7637 | D:9      | Reached XP level 11. HP: 56/56 MP: 21/21
  7942 | D:9      | Found a blossoming altar of Fedhas.
  8179 | D:8      | Killed Harold
  8427 | D:10     | Noticed Fannar
  8446 | D:10     | Killed Fannar
  8709 | D:10     | Found a staircase to the Orcish Mines.
  8725 | D:10     | Reached ****** piety under Lugonu
  8989 | D:10     | Noticed a two-headed ogre
  9006 | D:10     | Killed a two-headed ogre
  9469 | D:11     | Found a staircase to the Lair.
  9483 | D:11     | Got a polished ring mail
  9510 | D:11     | Noticed a manticore
  9530 | D:12     | Identified the +3 ring mail "Amucsil" {Str+4} (You found it
                  | on level 11 of the Dungeon)
  9590 | D:12     | Found a flagged portal.
  9600 | Bailey   | Entered a bailey
  9606 | Bailey   | Noticed a deep elf mage
  9611 | Bailey   | Killed a deep elf mage
  9622 | Bailey   | Noticed a deep elf mage
  9623 | Bailey   | Noticed a sun demon
  9624 | Bailey   | Noticed a deep elf mage
  9631 | Bailey   | Noticed a deep elf mage
  9631 | Bailey   | Noticed a deep elf mage
  9634 | Bailey   | Killed a deep elf mage
  9638 | Bailey   | Killed a deep elf mage
  9642 | Bailey   | Killed a deep elf mage
  9644 | Bailey   | Killed a deep elf mage
  9644 | Bailey   | Gained mutation: You heal very quickly. [Vine Stalker
                  | growth]
  9644 | Bailey   | Reached XP level 12. HP: 32/61 MP: 24/24
 10212 | Lair:1   | Entered Level 1 of the Lair of Beasts
 10771 | Lair:1   | Reached skill level 5 in Dodging
 11506 | Lair:2   | Noticed Gastronok
 11658 | Lair:2   | Found a dark tunnel.
 11707 | Volcano  | Entered a volcano
 11847 | Volcano  | Noticed a two-headed ogre
 11856 | Volcano  | Killed a two-headed ogre
 11900 | Volcano  | Noticed a hell hog
 11907 | Volcano  | Noticed a two-headed ogre
 11914 | Volcano  | Killed a hell hog
 11921 | Volcano  | Reached XP level 13. HP: 38/66 MP: 24/26
 12440 | Lair:2   | Killed Gastronok
 12476 | Lair:2   | Found a runed translucent gate.
 12477 | Lair:2   | Found a runed translucent gate.
 12478 | Lair:2   | Found a runed translucent gate.
 12556 | Lair:2   | Got a crude plate armour
 12567 | Lair:2   | Identified the +8 plate armour of the Country {Regen+
                  | Dex+2} (You found it on level 2 of the Lair of Beasts)
 12962 | Lair:2   | Noticed ra1n577's ghost (journeyman MiFi)
 13040 | Lair:2   | Noticed an ice dragon
 14224 | Lair:4   | Found a staircase to the Swamp.
 14232 | Lair:4   | Reached skill level 5 in Armour
 14428 | Lair:4   | Reached XP level 14. HP: 57/72 MP: 28/28
 14684 | Lair:4   | Found a large runed translucent door.
 14684 | Lair:4   | Found a large runed translucent door.
 14686 | Lair:4   | Noticed Oseuty Gilid's ghost (journeyman TrMo)
 14714 | Lair:4   | Killed Oseuty Gilid's ghost
 14734 | Lair:4   | Got a scorched platinum ring
 14735 | Lair:4   | Identified the ring "Emair" {MP+9 Int+4} (You found it on
                  | level 4 of the Lair of Beasts)
 14764 | Lair:4   | Found a staircase to the Snake Pit.
 14815 | Lair:4   | Gained mutation: You are resistant to hostile enchantments.
                  | (MR+) [potion of mutation]
 14815 | Lair:4   | Gained mutation: Your magical capacity is low. (-10% MP)
                  | [potion of mutation]
 14815 | Lair:4   | Gained mutation: You are weak. (Str -2) [potion of
                  | mutation]
 14815 | Lair:4   | Gained mutation: You are partially covered in large bone
                  | plates. (SH +4) [potion of mutation]
 15373 | Swamp:1  | Entered Level 1 of the Swamp
 15375 | Swamp:1  | Noticed Jorgrun
 15534 | Lair:5   | Found a staircase to the Slime Pits.
 16059 | Lair:5   | Identified the cursed +0 quarterstaff of Doom {vorpal,
                  | rElec rF+ rC+}
 16827 | Lair:6   | Entered Level 6 of the Lair of Beasts
 17447 | Lair:6   | Identified the +4 robe of the Dice {rN+ Str+2 Stlth+} (You
                  | found it on level 6 of the Lair of Beasts)
 18110 | Lair:6   | Identified the Collected Works on Aid and the Mountains
 18175 | Lair:6   | Noticed a dire elephant
 18175 | Lair:6   | Noticed a dire elephant
 18268 | Lair:6   | Killed a dire elephant
 18277 | Lair:6   | Killed a dire elephant
 18277 | Lair:6   | Reached XP level 15. HP: 39/78 MP: 24/26
 18693 | Lair:6   | Identified the +2 robe "Idweff" {*Corrode Dex+3} (You found
                  | it on level 6 of the Lair of Beasts)
 19324 | D:11     | Identified the Compendium of Burning Snow
 19466 | Orc:1    | Entered Level 1 of the Orcish Mines
 19638 | Orc:1    | Noticed Erica
 19651 | Orc:1    | Killed Erica
 19651 | Orc:1    | Reached skill level 10 in Spellcasting
 19944 | Orc:1    | Found a roughly hewn altar of Beogh.
 20130 | Orc:2    | Entered Level 2 of the Orcish Mines
 20158 | Orc:1    | Learned a level 3 spell: Conjure Flame
 20163 | Orc:1    | Learned a level 4 spell: Sticky Flame
 20169 | Orc:1    | Learned a level 5 spell: Fireball
 20179 | Orc:2    | Noticed Rupert
 20275 | Orc:2    | Found Apeofum's Weapon Shop.
 20290 | Orc:2    | Found Feeseuc's Antique Weapon Shoppe.
 20324 | Orc:2    | Found Jiuthrinni's Assorted Antiques.
 20327 | Orc:2    | Bought a distressingly furry ring mail for 315 gold pieces
 20327 | Orc:2    | Identified the +2 ring mail of Xealek {rPois rN+ MP-9
                  | Str+10} (You bought it in a shop on level 2 of the Orcish
                  | Mines)
 20376 | Orc:2    | Reached skill level 1 in Conjurations
 20389 | Orc:1    | Killed Rupert
 20389 | Orc:1    | Reached skill level 1 in Fire Magic
 20512 | Orc:2    | Found a staircase to the Elven Halls.
 20519 | Orc:2    | Found a frozen archway.
 20544 | IceCv    | Entered an ice cave
 21006 | IceCv    | Identified the +4 chain mail of Ucwimuh {rN+++ Str-3 Int+8
                  | Stlth-} (You found it in an ice cave)
 21832 | Orc:2    | Found Jutwep's General Store.
 21832 | Orc:2    | Found Rase's Food Boutique.
 21834 | Orc:2    | Found Macig's General Store.
 21834 | Orc:2    | Found Zunuedd's General Store.
 22084 | Orc:2    | Bought a +7 scimitar of holy wrath for 751 gold pieces
 22084 | Orc:2    | Bought a scroll of enchant weapon for 127 gold pieces
 22171 | Elf:1    | Entered Level 1 of the Elven Halls
 22195 | Elf:1    | Reached skill level 5 in Conjurations
 22203 | Elf:1    | Reached skill level 5 in Fire Magic
 22381 | Elf:1    | Found an ancient bone altar of Kikubaaqudgha.
 22822 | Elf:1    | Identified a +6 long sword of distortion (a +4 long sword
                  | corrupted by Lugonu)
 22822 | Elf:1    | Received a gift from Lugonu
 22880 | Elf:1    | Identified the +6 leather armour "Laefomou" {Str+2}
 22925 | Elf:1    | Noticed a deep elf sorcerer
 22933 | Elf:1    | Killed a deep elf sorcerer
 22933 | Elf:1    | Reached XP level 16. HP: 84/84 MP: 28/28
 23002 | Elf:1    | Identified the Almanac of Supportive Attacks
 23116 | Elf:1    | Reached skill level 1 in Short Blades
 23733 | Snake:1  | Entered Level 1 of the Snake Pit
 23863 | Abyss:2  | Noticed a tentacled starspawn
 23892 | Snake:1  | Escaped the Abyss
 23979 | Lair:4   | Learned a level 5 spell: Irradiate
 24082 | Lair:4   | Reached skill level 1 in Transmutations
 24150 | Snake:1  | Identified Roxanne's Tome of Shape Shifting
 24150 | Snake:1  | Noticed Roxanne
 25088 | Snake:2  | Noticed a nagaraja
 25099 | Snake:1  | Killed a nagaraja
 25642 | Snake:2  | Reached skill level 15 in Long Blades
 25953 | Snake:2  | Reached XP level 17. HP: 74/87 MP: 19/29
 25965 | Snake:2  | Lost mutation: You are resistant to hostile enchantments.
                  | (MR+) [potion of mutation]
 25965 | Snake:2  | Lost mutation: You are weak. (Str -2) [potion of mutation]
 25965 | Snake:2  | Lost mutation: Your magical capacity is low. (-10% MP)
                  | [potion of mutation]
 25965 | Snake:2  | Gained mutation: You have a somewhat thin skeletal
                  | structure. (Dex +2, Stealth) [potion of mutation]
 25965 | Snake:2  | Gained mutation: You possess an exceptional clarity of
                  | mind. [potion of mutation]
 25965 | Snake:2  | Gained mutation: You have a pair of small horns on your
                  | head. [potion of mutation]
 26212 | Snake:2  | Learned a level 4 spell: Summon Lightning Spire
 26438 | Snake:2  | Reached skill level 1 in Summonings
 26438 | Snake:2  | Reached skill level 1 in Air Magic
 26951 | Snake:3  | Reached skill level 2 in Air Magic
 26998 | Snake:3  | Identified a scroll of acquirement
 26998 | Snake:3  | Identified the +1 hat of the Clam {rF++ MR- Str+4} (You
                  | acquired it on level 3 of the Snake Pit)
 27067 | Snake:3  | Identified the ring of Epnagoc {Str+4 SInv Stlth+}
 27296 | Snake:4  | Entered Level 4 of the Snake Pit
 27310 | Snake:4  | Reached skill level 5 in Transmutations
 27484 | Snake:4  | Reached skill level 3 in Air Magic
 28525 | Snake:4  | Reached skill level 4 in Air Magic
 28607 | Snake:4  | Noticed Mara
 28852 | Snake:4  | HP: 4/87 [naga sharpshooter/bolt (18)]
 29163 | Snake:4  | Reached XP level 18. HP: 92/92 MP: 33/35
 29260 | Snake:4  | Reached skill level 5 in Summonings
 29303 | Snake:4  | Learned a level 6 spell: Freezing Cloud
 29356 | Snake:4  | Reached skill level 5 in Air Magic
 29566 | Snake:4  | Got a serpentine rune of Zot
 29804 | Lair:4   | Reached skill level 1 in Ice Magic
 30109 | Swamp:1  | Noticed Louise
 30136 | Swamp:1  | Cast into level 2 of the Abyss (Louise)
 30292 | Swamp:1  | Escaped the Abyss
 30374 | Swamp:1  | Killed Jorgrun
 30569 | Swamp:1  | Killed Louise
 31747 | Swamp:2  | Reached skill level 6 in Air Magic
 31796 | Swamp:2  | Identified the amulet of the Morning {Gourm Str+6 Int-5
                  | Dex+3} (You found it on level 2 of the Swamp)
 32300 | Swamp:3  | Found a runed translucent gate.
 32300 | Swamp:3  | Found a runed translucent gate.
 32300 | Swamp:3  | Found a runed translucent gate.
 32304 | Swamp:3  | Noticed Zorot's ghost (adept OpVM)
 33149 | Swamp:4  | Entered Level 4 of the Swamp
 33642 | Swamp:3  | Reached XP level 19. HP: 91/96 MP: 36/38
 33831 | Swamp:3  | Reached skill level 5 in Ice Magic
 34274 | Swamp:3  | Killed Zorot's ghost
 34295 | Swamp:3  | Identified the +8 war axe of Spontaneous Combustion {venom,
                  | rElec Dex+3} (You found it on level 3 of the Swamp)
 34298 | Swamp:3  | Identified the +2 hat "Jaiskosa" {Str+3} (You found it on
                  | level 3 of the Swamp)
 34757 | Swamp:4  | Noticed the 27-headed Lernaean hydra
 34775 | Swamp:4  | Killed the 26-headed Lernaean hydra
 34775 | Swamp:4  | Reached skill level 7 in Air Magic
 34869 | Swamp:4  | Got a decaying rune of Zot
 35140 | Swamp:4  | Learned a level 6 spell: Conjure Ball Lightning
 35444 | Abyss:2  | Gained mutation: Scrolls take you a little longer to read.
                  | [a neqoxec]
 35806 | Swamp:4  | Escaped the Abyss
 36403 | Lair:4   | Lost mutation: Scrolls take you a little longer to read.
                  | [potion of mutation]
 36403 | Lair:4   | Lost mutation: You possess an exceptional clarity of mind.
                  | [potion of mutation]
 36403 | Lair:4   | Lost mutation: You have a pair of small horns on your head.
                  | [potion of mutation]
 36403 | Lair:4   | Lost mutation: You are partially covered in large bone
                  | plates. (SH +4) [potion of mutation]
 36403 | Lair:4   | Gained mutation: You tend to lose your temper in combat.
                  | [potion of mutation]
 36403 | Lair:4   | Gained mutation: Your spells are a little easier to cast,
                  | but a little less powerful. [potion of mutation]
 36403 | Lair:4   | Gained mutation: You are partially covered in slimy green
                  | scales. (AC +2) [potion of mutation]
 36467 | Snake:2  | Lost mutation: You are partially covered in slimy green
                  | scales. (AC +2) [potion of mutation]
 36467 | Snake:2  | Lost mutation: Your spells are a little easier to cast, but
                  | a little less powerful. [potion of mutation]
 36467 | Snake:2  | Lost mutation: You tend to lose your temper in combat.
                  | [potion of mutation]
 36467 | Snake:2  | Gained mutation: Your system is resistant to poisons.
                  | (rPois) [potion of mutation]
 36467 | Snake:2  | Gained mutation: You have supernaturally acute eyesight.
                  | (SInv) [potion of mutation]
 36965 | Elf:2    | Identified the +2 hand axe of the Ten Wonders {holy, Str-5
                  | Int+5 Dex-5 Stlth+}
 37287 | Elf:2    | Reached skill level 15 in Spellcasting
 37295 | Elf:2    | Identified the Papyrus of Arcane Weapons
 37521 | Elf:2    | Found a runed translucent gate.
 37521 | Elf:2    | Found a runed translucent gate.
 37521 | Elf:2    | Found a runed translucent gate.
 37676 | Elf:2    | Upgraded the game from 0.25-a0-940-gc6eaff51cc to
                  | 0.25-a0-942-g87a53962fc
 38327 | D:12     | Identified the +8 lajatang "Orb Guardian's Curse" {venom,
                  | rPois Int+6} (You acquired it on level 12 of the Dungeon)
 38327 | D:12     | Identified the ring of Mishreud {Wiz +Blink rF+++ Str+4
                  | Stlth-} (You acquired it on level 12 of the Dungeon)
 38763 | D:13     | Reached skill level 8 in Air Magic
 38946 | D:13     | Identified the Guide on Entrancing Contamination
 39027 | D:13     | Reached skill level 10 in Conjurations
 39064 | D:13     | Found a gate to the Vaults.
 39194 | D:13     | Reached XP level 20. HP: 68/100 MP: 30/40
 39868 | D:14     | Found a gate leading to a gauntlet.
 39881 | Gauntlet | Entered a Gauntlet
 39881 | Gauntlet | Found a runed translucent gate.
 39881 | Gauntlet | Found a transporter.
 39881 | Gauntlet | Found a transporter.
 39881 | Gauntlet | Found a transporter.
 39884 | Gauntlet | Found a transporter.
 39885 | Gauntlet | Found a runed translucent gate.
 39885 | Gauntlet | Found a transporter.
 39886 | Gauntlet | Found a runed translucent gate.
 39888 | Gauntlet | Found a transporter.
 39936 | Gauntlet | Found a transporter.
 39937 | Gauntlet | Found a transporter.
 39950 | Gauntlet | Found a transporter.
 39968 | Gauntlet | Found a transporter.
 39972 | Gauntlet | Found a transporter.
 39976 | Gauntlet | Found a runed translucent door.
 39990 | Gauntlet | Found a transporter.
 40161 | Gauntlet | Got a vibrating brass ring
 40165 | Gauntlet | Got a brightly glowing cloak
 40167 | Gauntlet | Identified the ring of Faajar {*Corrode +Blink MP+9 Str-5
                  | Stlth+} (You found it in a Gauntlet)
 40168 | Gauntlet | Identified the +4 cloak of the Villain {*Drain rPois MR-
                  | Slay+5} (You found it in a Gauntlet)
 40193 | Gauntlet | Identified the ring "Hoemm" {rPois Str+7 Stlth-} (You found
                  | it in a Gauntlet)
 40287 | Gauntlet | Identified the cursed +0 longbow "Cesmyz" {freeze, rElec
                  | rPois rC+ Dex-5}
 40287 | Gauntlet | Identified the ring "Birewu" {*Tele +Blink rF+ Dex-4
                  | Stlth+}
 40304 | Gauntlet | Reached skill level 1 in Axes
 40520 | Gauntlet | Corrupted Gauntlet
 40933 | D:14     | Noticed Ozilapy's ghost (journeyman TrTm)
 40983 | D:14     | Found a transporter.
 40987 | D:14     | Found a transporter.
 42456 | D:6      | Killed wullow's ghost
 42813 | Lair:2   | Killed ra1n577's ghost
 43009 | Snake:1  | Killed Roxanne
 43009 | Snake:1  | Reached skill level 9 in Air Magic
 43307 | D:14     | Killed Ozilapy's ghost
 43449 | D:15     | Entered Level 15 of the Dungeon
 43983 | D:15     | Found a staircase to the Depths.
 45350 | Elf:3    | Entered Level 3 of the Elven Halls
 45773 | Vaults:1 | Entered Level 1 of the Vaults
 46046 | Vaults:1 | Reached skill level 10 in Ice Magic
 46234 | Vaults:1 | Found Jehug's Food Shoppe.
 47084 | Vaults:1 | Reached XP level 21. HP: 105/105 MP: 41/41
 47459 | Vaults:2 | Reached skill level 10 in Air Magic
 48261 | Vaults:2 | Learned a level 9 spell: Tornado
 48638 | Vaults:2 | Reached skill level 11 in Air Magic
 48800 | Vaults:2 | Learned a level 3 spell: Mephitic Cloud
 48803 | Vaults:2 | Learned a level 2 spell: Poisonous Vapours
 49618 | Vaults:3 | Found Daun's Gadget Boutique.
 49636 | Vaults:3 | Found a staircase to the Crypt.
 50236 | Vaults:2 | Identified the Papyrus of Attacks (You acquired it on level
                  | 2 of the Vaults)
 50236 | Vaults:2 | Identified the +2 pair of boots "Woinyero" {Dex+3} (You
                  | acquired it on level 2 of the Vaults)
 51021 | Vaults:2 | Identified the Catalogue of the Feathery Entourage
 51160 | Vaults:2 | Reached skill level 10 in Fighting
 51178 | Vaults:2 | Reached skill level 12 in Air Magic
 51355 | Vaults:3 | Reached skill level 1 in Shields
 51355 | Vaults:3 | Reached XP level 22. HP: 108/111 MP: 41/42
 51359 | Vaults:3 | Reached skill level 1 in Poison Magic
 51367 | Vaults:3 | Learned a level 4 spell: Olgreb's Toxic Radiance
 51486 | D:13     | Learned a level 5 spell: Bolt of Magma
 51731 | Vaults:3 | Reached skill level 1 in Evocations
 51861 | Vaults:3 | Reached skill level 10 in Invocations
 52040 | Vaults:3 | Learned a level 2 spell: Swiftness
 53411 | Crypt:1  | Entered Level 1 of the Crypt
 53552 | Crypt:1  | Identified the +4 battleaxe "Xuahig" {pain, rC+ MR+ Stlth+}
                  | (You found it on level 1 of the Crypt)
 54490 | Crypt:2  | Noticed a greater mummy
 54574 | Crypt:2  | Noticed Margery
 54600 | Crypt:2  | Killed Margery
 54859 | Crypt:2  | Noticed Khufu
 54861 | Crypt:2  | Noticed a greater mummy
 54862 | Crypt:2  | Noticed a greater mummy
 54868 | Crypt:2  | Killed Khufu
 54868 | Crypt:2  | Reached skill level 5 in Poison Magic
 54877 | Crypt:2  | Killed a greater mummy
 54890 | Crypt:2  | Killed a greater mummy
 54890 | Crypt:2  | Reached skill level 5 in Shields
 54899 | Crypt:2  | Killed a greater mummy
 55022 | Crypt:2  | Noticed Frederick
 55032 | Crypt:2  | Killed Frederick
 55032 | Crypt:2  | Reached XP level 23. HP: 116/116 MP: 43/43
 55146 | Crypt:2  | Found a basalt altar of Yredelemnul.
 55251 | Crypt:3  | Entered Level 3 of the Crypt
 55262 | Crypt:3  | Paralysed by a vampire knight for 3 turns
 55886 | Crypt:3  | Found a staircase to the Tomb.
 56254 | Crypt:3  | Found an ancient bone altar of Kikubaaqudgha.
 56417 | Crypt:3  | Identified the ring of Gauptex {Fire rElec rPois MR+ Int-5}
 56553 | Crypt:3  | Identified the ring "Xierchao" {rPois rF++ rN+ Str+3}
 56623 | Crypt:3  | Identified the ring "Baujag" {rN+ MR+ Str+2 Stlth-} (You
                  | found it on level 3 of the Crypt)
 56679 | Crypt:3  | Reached skill level 1 in Earth Magic
 56693 | Crypt:3  | Found the +4 dagger "Morg" {pain, MR+ Int+5}
 56833 | Crypt:3  | Noticed an ancient lich
 56842 | Crypt:3  | Killed an ancient lich
 58023 | Elf:3    | Identified the amulet "Geimy" {+Rage rF+}
 58147 | Elf:3    | Found Vougad's Armour Boutique.
 58273 | Elf:3    | Reached XP level 24. HP: 51/125 MP: 20/43
 58274 | Elf:3    | Cast into level 3 of the Abyss (a deep elf demonologist)
 58393 | Elf:3    | Escaped the Abyss
 58428 | Elf:3    | Identified the +8 demon trident of Poverty {venom, rElec
                  | rC- rN+ Dex+5}
 58561 | Elf:3    | Gained mutation: Your body sometimes deteriorates upon
                  | taking damage. [a cacodemon]
 58839 | Vaults:2 | Lost mutation: Your system is resistant to poisons. (rPois)
                  | [potion of mutation]
 58839 | Vaults:2 | Lost mutation: Your body sometimes deteriorates upon taking
                  | damage. [potion of mutation]
 58839 | Vaults:2 | Gained mutation: Your muscles are strong. (Str +2) [potion
                  | of mutation]
 58839 | Vaults:2 | Gained mutation: You have a pair of small horns on your
                  | head. [potion of mutation]
 58839 | Vaults:2 | Gained mutation: You are agile. (Dex +2) [potion of
                  | mutation]
 58996 | Vaults:4 | Found Duselets's Distillery.
 60738 | Vaults:5 | Entered Level 5 of the Vaults
 61180 | Elf:3    | Found the +15 Maxwell's patent armour {-Cast -Tele rElec
                  | MR+ rCorr}
 61210 | Elf:3    | Identified the +7 battleaxe of Tenacity {vorpal, rPois
                  | Int+4 Dex+4}
 61233 | Elf:3    | Identified the Guide on the Mountains and Summoning
 61264 | Elf:3    | Identified the cursed +1 scimitar "Miulosuv" {distort,
                  | Str+4 Int+2}
 61483 | Elf:3    | Identified the +6 mace "Vuuqout" {elec, *Contam Str+8}
 62678 | Vaults:5 | Reached XP level 25. HP: 111/131 MP: 44/44
 62982 | Vaults:5 | Identified the +9 shortbow of Evisceration {freeze, rN++}
 63117 | Vaults:5 | Identified the ring "Ruveakam" {Wiz Int+2}
 63123 | Vaults:5 | Identified the amulet "Gufof" {Harm *Drain rN+}
 63167 | Vaults:5 | Found Dydestewn's Distillery.
 64225 | Vaults:5 | Got a silver rune of Zot
 64332 | Vaults:5 | Reached skill level 10 in Shields
 64383 | Vaults:5 | Learned a level 6 spell: Invisibility
 64439 | Vaults:5 | Reached skill level 1 in Hexes
 64599 | Vaults:5 | Found Hypengu's Armour Shop.
 64600 | Vaults:5 | Identified the +0 battleaxe "Rake" {drain, +Rage rN+ Dex-2}
 65093 | Depths:1 | Entered Level 1 of the Depths
 65195 | Depths:1 | Reached skill level 5 in Hexes
 65513 | Depths:1 | Reached XP level 26. HP: 138/138 MP: 45/45
 65662 | Depths:1 | Found a gateway to Hell.
 65704 | Depths:1 | Found a gateway to a ziggurat.
 66535 | Depths:2 | Found an opulent altar of Gozag.
 66616 | Depths:2 | Reached skill level 10 in Hexes
 66766 | Depths:1 | Upgraded the game from 0.25-a0-942-g87a53962fc to
                  | 0.25-a0-949-gdd2af9e06e
 66790 | Depths:1 | Reached skill level 1 in Charms
 66854 | Depths:1 | Found a runed translucent door.
 67058 | Depths:2 | Found a one-way gate to the infinite horrors of the Abyss.
 67322 | Depths:2 | Noticed Sojobo
 67332 | Depths:2 | Killed Sojobo
 67451 | Depths:2 | Identified the +2 robe of Pawnik {Int+4}
 68269 | Depths:3 | Reached skill level 13 in Air Magic
 68961 | Depths:3 | Noticed a juggernaut
 68988 | Depths:3 | Found a runed translucent door.
 69041 | Depths:3 | Noticed a juggernaut
 69174 | Depths:4 | Found Ydamel's Elemental Accessories.
 70247 | Snake:4  | Killed Mara
 71485 | Depths:3 | Identified the +7 hand axe "Nyenugef" {flame, rN+}
 71486 | Depths:3 | Identified the +9 quarterstaff of Momodel {speed, MP+9
                  | Dex+2}
 71530 | Depths:3 | Reached XP level 27. HP: 47/142 MP: 29/47
 71567 | Depths:3 | Reached skill level 14 in Air Magic
 72095 | Depths:3 | Killed a juggernaut
 72212 | Depths:1 | Learned a level 1 spell: Apportation
 72887 | Depths:1 | Learned a level 9 spell: Tornado
 73074 | Depths:3 | Reached skill level 1 in Translocations
 73313 | Depths:3 | Killed a juggernaut
 73365 | Depths:3 | Found a one-way gate leading to the halls of Pandemonium.
 73371 | Depths:3 | Identified the Volume of the Quantum Arsonist
 73382 | Depths:3 | Found the +1 cloak of Starlight {rElec rC+ EV+4 Stlth--}
 73702 | Depths:4 | Noticed a juggernaut
 74007 | Depths:4 | Reached skill level 15 in Air Magic
 74134 | Depths:4 | Killed a juggernaut
 74186 | Depths:4 | HP: 1/142 [frost giant/bolt of cold (35)]
 74397 | Depths:4 | Reached skill level 16 in Air Magic
 74421 | Depths:4 | Noticed a juggernaut
 74845 | Depths:4 | Killed a juggernaut
 74961 | Depths:4 | Reached skill level 17 in Air Magic
 75047 | Depths:4 | Cast into level 3 of the Abyss (a deep elf sorcerer)
 75676 | Abyss:3  | Lost mutation: Your muscles are strong. (Str +2) [a
                  | neqoxec]
 75716 | Abyss:3  | Gained mutation: You are dopey. (Int -2) [a cacodemon]
 75807 | Abyss:3  | Noticed an ancient lich
 75809 | Depths:4 | Escaped the Abyss
 75809 | Depths:4 | Identified the cursed +0 great sword of Ruth {drain, rElec
                  | rC+ Int+7 Dex+4}
 75813 | Depths:4 | Reached skill level 18 in Air Magic
 76547 | Depths:5 | Entered Level 5 of the Depths
 76690 | Depths:4 | Reached skill level 19 in Air Magic
 77575 | Depths:5 | Lost mutation: You have a somewhat thin skeletal structure.
                  | (Dex +2, Stealth) [potion of mutation]
 77575 | Depths:5 | Lost mutation: You are dopey. (Int -2) [potion of mutation]
 77575 | Depths:5 | Lost mutation: You have supernaturally acute eyesight.
                  | (SInv) [potion of mutation]
 77575 | Depths:5 | Gained mutation: Your body sometimes deteriorates upon
                  | taking damage. [potion of mutation]
 77575 | Depths:5 | Gained mutation: Your body often deteriorates upon taking
                  | damage. [potion of mutation]
 77575 | Depths:5 | Gained mutation: You have an increased reservoir of magic.
                  | (+10% MP) [potion of mutation]
 77576 | Depths:5 | Lost mutation: Your body often deteriorates upon taking
                  | damage. [potion of mutation]
 77576 | Depths:5 | Lost mutation: You are agile. (Dex +2) [potion of mutation]
 77576 | Depths:5 | Lost mutation: You have a pair of small horns on your head.
                  | [potion of mutation]
 77576 | Depths:5 | Lost mutation: Your body sometimes deteriorates upon taking
                  | damage. [potion of mutation]
 77576 | Depths:5 | Gained mutation: You are partially covered in iridescent
                  | scales. (AC +2) [potion of mutation]
 77576 | Depths:5 | Gained mutation: You occasionally shout uncontrollably at
                  | your foes. [potion of mutation]
 77576 | Depths:5 | Gained mutation: You are partially covered in rugged brown
                  | scales. (AC +1, +3% HP) [potion of mutation]
 78390 | Depths:5 | Reached skill level 20 in Air Magic
 78666 | Depths:5 | Found a gate to the Realm of Zot.
 78809 | Zot:1    | Entered Level 1 of the Realm of Zot
 79600 | Zot:1    | Reached skill level 21 in Air Magic
 80433 | Zot:2    | Reached skill level 22 in Air Magic
 81978 | Zot:3    | Reached skill level 23 in Air Magic
 82770 | Zot:3    | HP: 4/146 [balrug/divine providence (7)]
 82778 | Abyss:1  | HP: 7/146 [poisoned by a golden dragon (blast of poison)]
 83194 | Abyss:4  | Found a corrupted altar of Lugonu.
 83229 | Abyss:5  | Entered Level 5 of the Abyss
 83344 | Abyss:5  | Paralysed by accursed screaming for 2 turns
 83759 | Abyss:5  | Reached skill level 24 in Air Magic
 83879 | Abyss:5  | Gained mutation: You regenerate. [a neqoxec]
 83938 | Abyss:5  | Gained mutation: You are clumsy. (Dex -2) [a neqoxec]
 84506 | Abyss:5  | Reached skill level 10 in Dodging
 84507 | Abyss:5  | Gained mutation: You are dopey. (Int -2) [a cacodemon]
 84512 | Zot:3    | Escaped the Abyss
 84572 | Abyss:1  | Found a corrupted altar of Lugonu.
 84651 | Zot:3    | Escaped the Abyss
 84677 | Zot:3    | HP: 1/146 [yellow draconian (shapeshifter)/+0 trident (8)]
 84681 | Zot:3    | Killed from afar by a balrug

Levels and vault maps discovered:
D:1:      psy_arrival_statuary, layout_rooms, minmay_misc_feat_four_crosses
D:2:      minmay_inner_zag, layout_basic, chequers_temple_overflow_minitemple,
          grunt_ministairs_14, chequers_serial_rivers_micro_d,
          chequers_big_river, minmay_indecisive_spiral
D:3:      layout_rooms, uniq_terence
D:4:      layout_basic, overflow_temple_1_default, hangedman_decor_opposing,
          nicolae_qazlal_style_of_elements
D:5:      layout_basic, minmay_temple_entry_metal_lava, first_ration,
          uniq_duvessa, uniq_grinder, uniq_eustachio
D:6:      layout_cave_pools, gammafunk_ghost_split, eino_tiny_chamber,
          cheibrodos_ashenzari_chains, uniq_edmund, uniq_menkaure,
          uniq_crazy_yiuf_cottage
D:7:      cheibrodos_fertilizer, layout_loops_corners, kennysheep_little_box
D:8:      layout_cave_pools, serial_park, serial_park_paths
          [serial_park_minivault_5x5_5], serial_park_tiny_pond,
          serial_park_avenue1, serial_park_tiny_pond, grunt_ogre_cave,
          uniq_harold
D:9:      layout_irregular_city, fedhas_altar_3
D:10:     layout_long_grid, zombieorc2_lemuel, uniq_fannar
D:11:     layout_stronghold, lair_entry_dummy, hangedman_abyss_or_decor_passed,
          minmay_holes, minmay_mirror_moons_of_madness
D:12:     layout_roguey, enter_bailey_3
D:13:     layout_roguey, skrybe_vaults_entry_preservation, special_room
          [special_room_orc]
D:14:     layout_basic, gauntlet_entry_generic, gammafunk_ghost_hive,
          nrook_campfire, kennysheep_nondescript
D:15:     hangedman_depths_entry_civil_slaughter, layout_cave_pods,
          chequers_serial_rivers_large_b
Temple:   eino_wide_crystal_templ
Lair:1:   layout_layer_cave, roderic_batcave, grunt_megastairs_5
Lair:2:   layout_roguey, nicolae_volcano_entry_two_sided, gammafunk_ghost_icy,
          minmay_lair_oklob_bushes, uniq_gastronok
Lair:3:   layout_loops_ring
Lair:4:   layout_gridlike, minmay_swamp_entry_worms,
          minmay_snake_entry_six_corridors, ebering_ghost_disaster_area
Lair:5:   regret_index_bee_streams, layout_regular_city, slime_dummy
Lair:6:   due_jungle_book, layout_small_grid
Swamp:1:  layout_basic_swamp, evilmike_swamp_ruin_rubble_2, swamp_pool5,
          nicolae_swamp_snake_nest, uniq_louise, uniq_jorgrun
Swamp:2:  layout_basic_swamp, evilmike_swamp_ruin_rubble_1, swamp_pool3,
          nicolae_swamp_round_clearing
Swamp:3:  layout_falls_marsh, gammafunk_ghost_hydra_chop,
          evilmike_swamp_ruin_house_3, infiniplex_staircase_pool
Swamp:4:  grunt_swamp_rune_castle, layout_basic_swamp, swamp_pool4,
          nicolae_swamp_feature_on_the_river_bank
Snake:1:  layout_gridlike, uniq_roxanne
Snake:2:  layout_honeycomb, serial_bayou_lagoon_a
Snake:3:  layout_onion, grunt_ministairs_11
Snake:4:  snake_pit, layout_cave_pods, uniq_mara
Orc:1:    cheibrodos_orc_guarddog, layout_caves, basic_altar, uniq_erica
Orc:2:    grunt_orc_tribal_feast, layout_caves, portal_ice_cave_entry_pillars_1,
          serial_shops, nicolae_shop_crystal, nicolae_shop_overgrown_old_shop,
          nicolae_shop_behind_doors, uniq_rupert
Elf:1:    eino_elf_arrival_the_gate, layout_gridlike, minmay_elf_sorcery,
          drop_trap, hangedman_decor_cross_pass
Elf:2:    layout_onion_city, minmay_elf_annihilation
Elf:3:    nooodl_elf_gasket, layout_loops_corners, serial_shops, shop_statue,
          hangedman_elven_pyramids
Vaults:1: hangedman_vaults_stretched_pinwheel, v_alt_pattern_2,
          hangedman_vaults_nodes, nicolae_vaults_shelves_hall,
          hangedman_vaults_slither, nicolae_vaults_specimen_jars, v_rooms_4,
          vaults_room_fours, grunt_vaults_hallway_short,
          nicolae_vaults_network_s, vaults_room_hallway,
          vaults_room_ringed_pool, layout_vaults_omnibox, serial_shops, shop
Vaults:2: nicolae_vaults_three_branches, st_greater_box_4,
          nicolae_vaults_twisting_passages, vaults_room_fancy_cross,
          hangedman_vaults_snaps, v_misc_33, grunt_vaults_swirl,
          v_alt_pattern_1, nicolae_vaults_angled_halls, vaults_room_grid,
          v_misc_28, ontoclasm_vaults_fault, nicolae_vaults_rhombus_6,
          layout_vaults_maze
Vaults:3: v_misc_15, nicolae_vaults_network_square,
          minmay_crypt_entry_simple_sparse, hangedman_vaults_stream,
          vaults_room_hallway, ontoclasm_vaults_ligature, v_alt_pattern_1,
          serial_ice_g, dpeg_vaults_monster_row, vaults_room_pool,
          grunt_vaults_focal, nicolae_vaults_rhombus_7,
          nicolae_vaults_network_quinsquares
          [nicolae_vaults_network_quincunx_subvault,
          nicolae_vaults_network_quincunx_subvault,
          nicolae_vaults_network_quincunx_subvault,
          nicolae_vaults_network_quincunx_subvault], grunt_vaults_hallway_short,
          v_misc_26, layout_vaults_omnigrid, serial_shops, shop_statue
Vaults:4: nicolae_vaults_shelves_hall, hangedman_vaults_restitches,
          grunt_vaults_funnel, v_misc_11, v_alt_pattern_6,
          nicolae_vaults_asterisk, vaults_standard_mumra_x, vaults_dpeg_hooks,
          layout_vaults_chaotic_city, serial_shops, shop
Vaults:5
Crypt:1:  layout_rooms
Crypt:2:  layout_gridlike, lemuel_mausoleum_altar_yredelemnul, uniq_margery,
          uniq_frederick, uniq_khufu
Crypt:3:  church_of_pain_bobbens, layout_chaotic_city,
          nicolae_tomb_entry_grand_gallery
Depths:1: layout_cave_pools, enter_ziggurat_e, chequers_serial_rivers_micro_d,
          hell_entry, drop_trap, hangedman_abyss_or_decor_clamps,
          hangedman_aerie_drop
Depths:2: minmay_thinvault, layout_gridlike, hell_entry,
          nicolae_abyss_entry_one_way_or_another, basic_altar,
          infiniplex_staircase_zigzag_5, uniq_sojobo
Depths:3: box_level_dp, hell_entry, pan_entry
Depths:4: minmay_central_circle, layout_small_grid, kennysheep_cross_bottleneck,
          hell_entry, hangedman_abyss_entry_splay, nrook_loot_triangle,
          nicolae_elemental_shop, minmay_guarded_unrand_curses
Depths:5: grunt_zot_entry_gee_three, layout_cross, hell_entry, abyss_entry,
          rand_demon_pan_entry_5, grunt_decor_clamped
Zot:1:    lemuel_acid_trip, layout_concentric_octagons
Zot:2:    layout_twisted_circle, zot_minivault_1
Zot:3:    hangedman_orp_of_zott, layout_misc_corridors, st_small_dragon_hoard_5,
          skrybe_zot_glass_3

Skill      XL: |  1  2  3  4  5  6  7  8  9 10 11 12 13 14 15 16 17 18 19 20 21 22 23 24 25 26 27 |
---------------+----------------------------------------------------------------------------------+-----
Long Blades    | 2 3 4 5 6 7 9 10 11 12 13 14 15 16 17 | 17.3
Stealth        | 1 2 3 5 6 |  6.4
Fighting       | 3 4 5 6 7 8 9 10 12 13 14 | 14.2
Dodging        | 1 2 3 4 5 6 7 9 10 | 10.0
Spellcasting   | 1 2 3 4 5 6 7 8 9 10 12 14 15 16 17 19 22 | 22.0
Invocations    | 2 3 4 5 6 7 8 9 10 | 10.1
Throwing       | 1 2 3 |  3.2
Armour         | 2 3 5 7 8 9 |  9.4
Polearms       | 1 2 3 |  3.3
Conjurations   | 6 8 9 10 13 14 | 14.1
Fire Magic     | 5 8 9 |  9.2
Short Blades   | 1 |  1.8
Transmutations | 3 6 7 8 |  8.4
Summonings     | 4 5 6 7 |  7.0
Air Magic      | 4 6 8 9 12 13 24 | 24.1
Ice Magic      | 4 8 10 11 | 11.0
Axes           | 2 |  2.6
Shields        | 1 5 7 9 10 | 10.3
Poison Magic   | 5 7 8 |  8.4
Evocations     | 3 4 |  4.8
Earth Magic    | 1 4 |  4.1
Hexes          | 7 10 | 10.8
Charms         | 1 |  1.0
Translocations | 3 |  3.2

Action                   |  1- 3 |  4- 6 |  7- 9 | 10-12 | 13-15 | 16-18 | 19-21 | 22-24 | 25-27 || total
-------------------------+-------+-------+-------+-------+-------+-------+-------+-------+-------++-------
Melee: Falchion          |    79 |   206 |   291 |   573 |  1431 |   908 |   932 |   479 |  1617 ||  6516
       Bite              |    18 |    70 |   127 |   279 |   765 |   614 |   698 |   523 |  1411 ||  4505
       Dagger            |       |       |     1 |    11 |     5 |     3 |       |       |       ||    20
       Spear             |       |       |       |    17 |    60 |       |       |       |       ||    77
       Scimitar          |       |       |       |       |   121 |    83 |   194 |     7 |   335 ||   740
       Long sword        |       |       |       |       |       |     2 |    65 |       |   170 ||   237
       Headbutt          |       |       |       |       |       |   293 |   107 |   121 |   574 ||  1095
       War axe           |       |       |       |       |       |       |     3 |       |    17 ||    20
       Eudemon blade     |       |       |       |       |       |       |     9 |   438 |    63 ||   510
Throw: Boomerang         |       |       |    14 |    44 |    33 |    70 |    31 |    24 |       ||   216
       Dart              |       |       |       |    29 |    87 |    49 |    68 |    11 |    68 ||   312
       Javelin           |       |       |       |       |       |       |       |       |     4 ||     4
 Cast: Conjure Flame     |       |       |       |       |     7 |     3 |     3 |     1 |     4 ||    18
       Sticky Flame      |       |       |       |       |       |   158 |   171 |   209 |   462 ||  1000
       Fireball          |       |       |       |       |       |    28 |   108 |    22 |    23 ||   181
       Summon Lightning  |       |       |       |       |       |     9 |    37 |    33 |    89 ||   168
       Irradiate         |       |       |       |       |       |     1 |    14 |    12 |    11 ||    38
       Conjure Ball Ligh |       |       |       |       |       |       |     3 |       |     1 ||     4
       Freezing Cloud    |       |       |       |       |       |       |     7 |     1 |    42 ||    50
       Mephitic Cloud    |       |       |       |       |       |       |    10 |    26 |    26 ||    62
       Poisonous Vapours |       |       |       |       |       |       |     1 |     5 |    14 ||    20
       Bolt of Magma     |       |       |       |       |       |       |       |     6 |    44 ||    50
       Olgreb's Toxic Ra |       |       |       |       |       |       |       |       |     6 ||     6
       Invisibility      |       |       |       |       |       |       |       |       |     1 ||     1
       Tornado           |       |       |       |       |       |       |       |       |    10 ||    10
       Apportation       |       |       |       |       |       |       |       |       |     2 ||     2
Invok: Depart the Abyss  |     1 |       |       |       |       |     2 |     1 |     1 |     1 ||     6
       Bend Space        |       |       |     2 |     1 |     2 |     8 |     4 |     2 |    19 ||    38
       Brand Weapon With |       |       |       |       |     1 |       |       |       |       ||     1
       Enter the Abyss   |       |       |       |       |       |     1 |     1 |       |     2 ||     4
       Corrupt           |       |       |       |       |       |       |     1 |       |       ||     1
 Abil: Evoke Blink       |       |       |       |       |       |       |       |       |     1 ||     1
Evoke: Wand              |       |       |       |       |    12 |     7 |     1 |       |     3 ||    23
       Lightning rod     |       |       |       |       |       |       |     1 |     1 |     8 ||    10
       Tin of tremorston |       |       |       |       |       |       |       |     1 |     1 ||     2
  Use: Scroll            |       |       |     7 |    25 |    18 |    10 |    18 |    23 |    26 ||   127
       Potion            |       |       |       |     2 |     5 |     7 |     5 |     2 |    12 ||    33
 Stab: Sleeping          |     2 |     2 |     6 |    18 |    14 |    18 |    24 |    24 |    13 ||   121
       Distracted        |       |       |       |       |       |     2 |    16 |     8 |    45 ||    71
       Confused          |       |       |       |       |       |       |    12 |    11 |    16 ||    39
       Invisible         |       |       |       |       |       |       |       |       |     3 ||     3
  Eat: Chunk             |       |     6 |     5 |    14 |    29 |    20 |    44 |    16 |    52 ||   186
       Ration            |       |       |     1 |     4 |     2 |     8 |     9 |     7 |    10 ||    41
Armor: Leather armour    |     9 |    34 |    18 |     5 |    30 |       |   281 |   199 |   786 ||  1362
       Skin              |       |       |    26 |     5 |       |       |       |       |    29 ||    60
       Troll leather arm |       |       |       |    40 |       |       |       |       |       ||    40
       Ring mail         |       |       |       |    37 |    15 |   289 |    74 |     9 |       ||   424
       Plate armour      |       |       |       |       |   589 |       |       |       |       ||   589
Dodge: Dodged            |    61 |   164 |   251 |   406 |   485 |   927 |   914 |   545 |  1552 ||  5305
Block: Other             |       |       |       |       |   136 |   182 |    50 |       |       ||   368
       Buckler           |       |       |       |       |       |       |     6 |   324 |  1136 ||  1466
       Reflection        |       |       |       |       |       |       |       |       |    31 ||    31
       Rpst.: Falchion   |    22 |    58 |    83 |   112 |   122 |   173 |   161 |    66 |   168 ||   965
       Scimitar          |       |       |       |       |     9 |    20 |    29 |       |    56 ||   114
       Long sword        |       |       |       |       |       |       |    14 |       |    29 ||    43
       Eudemon blade     |       |       |       |       |       |       |     1 |    49 |     4 ||    54

Table legend:
 A = Non-vault XP
 B = Vault XP
 C = Vault XP percentage of total XP
 D = Non-vault monster count
 E = Vault monster count
 F = Vault count percentage of total count
                 A         B        C        D         E       F
            +---------+---------+-------+---------+---------+-------
      Total | 1050553 |  853812 |  44.8 |    1997 |    1112 |  35.8
            +---------+---------+-------+---------+---------+-------
        D:1 |      56 |       0 |   0.0 |      30 |       0 |   0.0
        D:2 |     141 |      75 |  34.7 |      30 |      13 |  30.2
        D:3 |     217 |       0 |   0.0 |      15 |       0 |   0.0
        D:4 |     251 |       0 |   0.0 |       9 |       0 |   0.0
        D:5 |    1201 |     706 |  37.0 |      39 |       4 |   9.3
        D:6 |     804 |    1455 |  64.4 |      26 |       8 |  23.5
        D:7 |    2289 |     650 |  22.1 |      42 |      17 |  28.8
        D:8 |     792 |    1112 |  58.4 |      19 |       2 |   9.5
        D:9 |    2893 |       0 |   0.0 |      25 |       0 |   0.0
       D:10 |    2062 |    1718 |  45.4 |      19 |      37 |  66.1
       D:11 |    3427 |    1089 |  24.1 |      23 |       7 |  23.3
       D:12 |    6215 |       7 |   0.1 |      51 |       4 |   7.3
       D:13 |   10348 |    6328 |  37.9 |      50 |      35 |  41.2
       D:14 |   12341 |    2781 |  18.4 |      43 |      12 |  21.8
       D:15 |    7103 |    5458 |  43.5 |      21 |       6 |  22.2
     Lair:1 |    3544 |     993 |  21.9 |      14 |      15 |  51.7
     Lair:2 |   10301 |    6342 |  38.1 |      26 |      14 |  35.0
     Lair:3 |    3600 |       0 |   0.0 |      11 |       0 |   0.0
     Lair:4 |   18412 |    3404 |  15.6 |      41 |      14 |  25.5
     Lair:5 |    1622 |    9870 |  85.9 |       7 |      53 |  88.3
     Lair:6 |   17538 |    2838 |  13.9 |      32 |       5 |  13.5
    Swamp:1 |   14006 |    7548 |  35.0 |      33 |      14 |  29.8
    Swamp:2 |   13208 |       0 |   0.0 |      27 |       0 |   0.0
    Swamp:3 |   16994 |   12299 |  42.0 |      32 |      15 |  31.9
    Swamp:4 |    8088 |   13639 |  62.8 |      20 |      22 |  52.4
    Snake:1 |   21615 |    1941 |   8.2 |      36 |       1 |   2.7
    Snake:2 |   23295 |       0 |   0.0 |      47 |       0 |   0.0
    Snake:3 |   12402 |     968 |   7.2 |      31 |       1 |   3.1
    Snake:4 |   28022 |   36504 |  56.6 |      49 |      45 |  47.9
      Orc:1 |    1868 |    6483 |  77.6 |      32 |      11 |  25.6
      Orc:2 |    3958 |    5811 |  59.5 |      30 |      25 |  45.5
      Elf:1 |    7814 |    9689 |  55.4 |      12 |      15 |  55.6
      Elf:2 |   17463 |   24935 |  58.8 |      27 |      33 |  55.0
      Elf:3 |    9332 |   66567 |  87.7 |      14 |      46 |  76.7
   Vaults:1 |   13298 |   15722 |  54.2 |      29 |      24 |  45.3
   Vaults:2 |   42612 |   46785 |  52.3 |      68 |      58 |  46.0
   Vaults:3 |   36419 |   23813 |  39.5 |      69 |      37 |  34.9
   Vaults:4 |   37284 |   25165 |  40.3 |      56 |      27 |  32.5
   Vaults:5 |   29592 |   99605 |  77.1 |      43 |      71 |  62.3
    Crypt:1 |   21858 |       0 |   0.0 |      33 |       0 |   0.0
    Crypt:2 |   13713 |   37938 |  73.5 |      23 |      21 |  47.7
    Crypt:3 |   22196 |   70625 |  76.1 |      33 |      85 |  72.0
   Depths:1 |   40350 |    4680 |  10.4 |      64 |      24 |  27.3
   Depths:2 |   29425 |   29130 |  49.7 |      43 |      24 |  35.8
   Depths:3 |   33562 |   79411 |  70.3 |      44 |      73 |  62.4
   Depths:4 |   84577 |   66695 |  44.1 |      84 |      37 |  30.6
   Depths:5 |   33432 |   21668 |  39.3 |      42 |      19 |  31.1
      Zot:1 |   37441 |   43936 |  54.0 |      24 |      52 |  68.4
      Zot:2 |   26867 |   19468 |  42.0 |      16 |      13 |  44.8
      Zot:3 |   75774 |    9952 |  11.6 |      50 |      13 |  20.6
    Abyss:1 |   37809 |    3841 |   9.2 |      37 |       3 |   7.5
    Abyss:2 |   12595 |       0 |   0.0 |      34 |       0 |   0.0
    Abyss:3 |   24373 |     904 |   3.6 |      49 |       1 |   2.0
    Abyss:5 |  114154 |    1277 |   1.1 |     193 |       3 |   1.5
     Bailey |       0 |    6139 | 100.0 |       0 |      11 | 100.0
      IceCv |       0 |    4518 | 100.0 |       0 |      21 | 100.0
    Volcano |       0 |    4483 | 100.0 |       0 |      10 | 100.0
   Gauntlet |       0 |    6847 | 100.0 |       0 |      11 | 100.0
            +---------+---------+-------+---------+---------+-------
